 Dungeon Crawl Stone Soup version 0.21.1-1-g345015f (webtiles) character file.

109 Kairos the Shield-Bearer (level 5, -2/41 HPs)
             Began as a Human Fighter on Apr 1, 2018.
             Slain by a goblin (3 damage)
             ... led by Robin
             ... on level 3 of the Dungeon.
             The game lasted 00:02:57 (1497 turns).

Kairos the Shield-Bearer (Human Fighter)            Turns: 1497, Time: 00:02:58

Health: -2/41      AC:  7    Str: 16    XL:     5   Next: 13%
Magic:  5/5        EV:  9    Int:  8    God:
Gold:   102        SH:  9    Dex: 14    Spells: 4/4 levels left

rFire    . . .     SeeInvis .   a - +0 war axe
rCold    . . .     Gourm    .   c - +0 shield
rNeg     . . .     Faith    .   m - +0 steam dragon scales
rPois    .         Spirit   .   (no helmet)
rElec    .         Reflect  .   (no cloak)
rCorr    .         Harm     .   e - +1 pair of gloves
MR       .....                  (no boots)
Stlth    +.........             (no amulet)
HPRegen  0.13/turn              (no ring)
MPRegen  0.09/turn              (no ring)

@: no status effects
A: no striking features
a: no special abilities


You were on level 3 of the Dungeon.
You were not hungry.

You visited 1 branch of the dungeon, and saw 3 of its levels.

You collected 102 gold pieces.

Inventory:

Hand Weapons
 a - a +0 war axe (weapon)
Armour
 b - a +0 scale mail
 c - a +0 shield (worn)
 e - a +1 pair of gloves (worn)
 m - +0 steam dragon scales (worn)
Scrolls
 g - 3 scrolls of identify {unknown}
 j - a scroll of teleportation {unknown}
 l - a scroll of amnesia {unknown}
 o - a scroll of remove curse {unknown}
 p - a scroll of blinking {unknown}
Potions
 d - 2 potions of might
 h - a potion of lignification {unknown}
 i - 3 potions of curing
 k - 2 potions of flight {unknown}
 n - a potion of degeneration {unknown}
 q - 2 potions of resistance {unknown}
Comestibles
 f - 2 rations


   Skills:
 + Level 3.6 Fighting
 + Level 3.2 Axes
 + Level 3.2 Armour
 + Level 0.4 Dodging
 + Level 0.4 Stealth
 + Level 3.8 Shields


You had 4 spell levels left.
You didn't know any spells.

Dungeon Overview and Level Annotations

Branches:
Dungeon (3/15)

Altars:
Ashenzari
Makhleb
Qazlal
The Shining One

Annotations:
D:3 Ijyb; Robin; keltmir's ghost, amateur HOFi


Message History

Ijyb is almost dead.
You closely miss the goblin. You block Ijyb's attack.
The goblin hits you but does no damage.
Ijyb zaps a wand.
The puff of flame hits you!
* * * LOW HITPOINT WARNING * * *
2 goblins come into view.
You closely miss Ijyb.
Ijyb is almost dead.
You barely miss the goblin. The goblin completely misses you. Ijyb hits you.
* * * LOW HITPOINT WARNING * * *
Robin throws the goblin at you! You block the goblin's attack.
You closely miss Ijyb.
Ijyb is almost dead.
The goblin shouts!
You hit the goblin.
You kill the goblin!
You hit the goblin but do no damage. The goblin hits you.
* * * LOW HITPOINT WARNING * * *
You block Ijyb's attack. Robin throws the goblin at you! The goblin hits you.
You die...

##.......................
##.......................
#...((............)......
###....(......[.....#.
##........(.........#
##...................
##..##..............# .
#...###........g)g.# ..♣
..### ##.......g@.## ..♣_
### #######.##.#####...♣.
#.##.gg..........
#.###.g.........# #)#
#..g....#...#
#.###...g...#...
#...)..........
######...........##
#......))........#


You could see Ijyb, Robin, a hobgoblin and 5 goblins.

Vanquished Creatures
  An orc priest (D:3)
  2 adders
  An ooze (D:1)
  A worm (D:2)
  4 dart slugs
  3 orcs (D:3)
  A ball python (D:1)
  4 giant cockroaches
  5 goblins
  3 hobgoblins
  5 kobolds
  5 bats
  2 frilled lizards (D:2)
  11 rats
48 creatures vanquished.

Notes
Turn   | Place    | Note
-------+----------+-------------------------------------------
     0 | D:1      | Kairos the Human Fighter began the quest for the Orb.
     0 | D:1      | Reached XP level 1. HP: 18/18 MP: 1/1
   123 | D:1      | Reached XP level 2. HP: 24/24 MP: 2/2
   240 | D:1      | Reached XP level 3. HP: 28/29 MP: 3/3
   496 | D:2      | Reached XP level 4. HP: 29/35 MP: 4/4
   655 | D:2      | Found a burning altar of Makhleb.
   663 | D:2      | Found a glowing golden altar of the Shining One.
   664 | D:2      | Found a stormy altar of Qazlal.
   667 | D:2      | Found a shattered altar of Ashenzari.
   854 | D:3      | Noticed keltmir's ghost (amateur HOFi)
   859 | D:3      | Noticed Robin
  1175 | D:3      | Reached XP level 5. HP: 3/41 MP: 5/5
  1418 | D:3      | Noticed Ijyb
  1470 | D:3      | Found a faded altar of an unknown god.
  1497 | D:3      | HP: 1/41 [goblin[Robin] (4)]
  1497 | D:3      | Slain by a goblin

Skill      XL: |  1  2  3  4 |
---------------+-------------+-----
Axes           | 3 |  3.2
Fighting       | |  3.6
Armour         | |  3.2
Dodging        | |  0.4
Stealth        | |  0.4
Shields        | |  3.8

Action                   |  1- 3 |  4- 6 || total
-------------------------+-------+-------++-------
Melee: War axe           |    88 |    46 ||   134
 Stab: Sleeping          |       |     1 ||     1
  Eat: Chunk             |       |     2 ||     2
Armor: Scale mail        |    54 |     1 ||    55
       Steam dragon scal |       |    16 ||    16
Dodge: Dodged            |    23 |    23 ||    46
Block: Shield            |    55 |    16 ||    71
